PCL
GRESHAM GOLD SOULS @ SAN JOSE MISSIONS
08/06/2030
 
TOP OF THE 1ST
Gresham Gold Souls batting - Pitching for San Jose Missions : LHP Martín Reyes
Pitching: LHP Martín Reyes
Batting: RHB Norm Francis 0-0: SINGLE (Line Drive, 9LS)
Batting: RHB Mario Méndez 0-0: Called Strike
Throwing error on steal attempt, E2
Norm Francis to third
0-1: SINGLE (Line Drive, 34D)
Norm Francis scores
Batting: RHB Jared Thompson 0-0: Called Strike
0-1: Ball
1-1: Ball
2-1: Ball
3-1: Called Strike
3-2: Fly out, F8 (Flyball, 8LD)
Batting: RHB Alberto Chávez 0-0: Foul Ball, location: 2F
0-1: DOUBLE (Line Drive, 78D)
Mario Méndez to third
Runner from 3rd tries for Home, SAFE, no throw
Batting: RHB Willie Houk 0-0: Swinging Strike
0-1: Ball
1-1: Ball
2-1: Ball
3-1: Base on Balls
Batting: LHB Ezechiele Bruno 0-0: Called Strike
0-1: Foul Ball, location: 2F
0-2: Ball
1-2: Foul Ball, location: 2F
1-2: Ball
2-2: Fielders Choice at 2nd, 3-6 (Groundball, 34)
Alberto Chávez to third
Batting: RHB Augusto Baiano 0-0: Swinging Strike
0-1: Foul Ball, location: 2F
0-2: Foul Ball, location: 2F
0-2: Ball
1-2: SINGLE (Line Drive, 4)
Alberto Chávez scores
Ezechiele Bruno to second
Batting: LHB Joel Nelson 0-0: Ball
1-0: Swinging Strike
1-1: Called Strike
1-2: Strikes out swinging
Top of the 1st over - 3 runs, 4 hits, 1 error, 2 left on base; Gresham 3 - San Jose 0
BOTTOM OF THE 1ST
San Jose Missions batting - Pitching for Gresham Gold Souls : RHP Jesús Gonzáles
Pitching: RHP Jesús Gonzáles
Batting: RHB Dan Mason 0-0: Foul Ball, location: 2F
0-1: Ball
1-1: Ball
2-1: Ball
3-1: Foul Ball, location: 2F
3-2: Foul Ball, location: 2F
3-2: Strikes out looking
Batting: RHB Jesús Cruz 0-0: SINGLE (Line Drive, 4MD)
Pitching: RHP Fernando Gutiérrez
Batting: LHB Weston Chaney 0-0: Ball
1-0: Foul Ball, location: 2F
1-1: Ball
2-1: Foul Ball, location: 2F
2-2: Fly out, F7 (Line Drive, 78S)
Batting: SHB Ángel González 0-0: Ball
1-0: Foul Ball, location: 2F
1-1: Called Strike
Jesús Cruz is caught stealing 2nd base
Bottom of the 1st over - 0 runs, 1 hit, 0 errors, 0 left on base; Gresham 3 - San Jose 0
TOP OF THE 2ND
Gresham Gold Souls batting - Pitching for San Jose Missions : LHP Martín Reyes
Batting: RHB Nathan Smith 0-0: Called Strike
0-1: Swinging Strike
0-2: Ball
1-2: Foul Ball, location: 2F
1-2: Strikes out swinging
Batting: RHB Norm Francis 0-0: Foul Ball, location: 2F
0-1: Foul Ball, location: 2F
0-2: Ball
1-2: Ground out 5-3 (Groundball, 56)
Batting: RHB Mario Méndez 0-0: Ball
1-0: Foul Ball, location: 2F
1-1: Ball
2-1: Swinging Strike
2-2: Ball
3-2: Base on Balls
Batting: RHB Jared Thompson 0-0: Called Strike
0-1: Ball
1-1: Foul Ball, location: 2F
1-2: Foul Ball, location: 2F
1-2: Ball
2-2: Fly out, F7 (Flyball, 7S)
Top of the 2nd over - 0 runs, 0 hits, 0 errors, 1 left on base; Gresham 3 - San Jose 0
BOTTOM OF THE 2ND
San Jose Missions batting - Pitching for Gresham Gold Souls : RHP Fernando Gutiérrez
Batting: SHB Ángel González 0-0: Ball
1-0: Swinging Strike
1-1: Swinging Strike
1-2: Strikes out looking
Batting: LHB Chris Moore 0-0: Foul Ball, location: 2F
0-1: Foul Ball, location: 2F
0-2: Ball
1-2: Ball
2-2: Foul Ball, location: 2F
2-2: Ball
3-2: Foul Ball, location: 2F
3-2: DOUBLE (Line Drive, 7LM)
Batting: RHB Jorge Díaz 0-0: Called Strike
0-1: Ball
1-1: Foul Ball, location: 2F
1-2: Fly out, F5 (Line Drive, 56)
Batting: RHB Dave Wookey 0-0: Swinging Strike
0-1: Ball
1-1: Called Strike
1-2: Ball
2-2: Ball
3-2: Strikes out swinging
Bottom of the 2nd over - 0 runs, 1 hit, 0 errors, 1 left on base; Gresham 3 - San Jose 0
TOP OF THE 3RD
Gresham Gold Souls batting - Pitching for San Jose Missions : LHP Martín Reyes
Batting: RHB Alberto Chávez 0-0: Ball
1-0: Foul Ball, location: 2F
1-1: Ball
2-1: Called Strike
2-2: Foul Ball, location: 2F
2-2: Strikes out looking
Batting: RHB Willie Houk 0-0: Ball
1-0: Foul Ball, location: 2F
1-1: Foul Ball, location: 2F
1-2: Foul Ball, location: 2F
1-2: Ball
2-2: Foul Ball, location: 2F
2-2: Strikes out looking
Batting: LHB Ezechiele Bruno 0-0: Ball
1-0: Fly out, F6 (Popup, 6M)
Top of the 3rd over - 0 runs, 0 hits, 0 errors, 0 left on base; Gresham 3 - San Jose 0
BOTTOM OF THE 3RD
San Jose Missions batting - Pitching for Gresham Gold Souls : RHP Fernando Gutiérrez
Batting: RHB Jaime Spiridon 0-0: Ball
1-0: Ball
2-0: Ball
3-0: Base on Balls
Batting: RHB Jaime Rodríguez 0-0: Ball
1-0: Ball
2-0: Called Strike
2-1: Ball
3-1: Base on Balls
Jaime Spiridon to second
Batting: RHB Dan Mason 0-0: Ball
1-0: Called Strike
1-1: Swinging Strike
1-2: Ball
2-2: Foul Ball, location: 2F
2-2: Ball
3-2: Foul Ball, location: 2F
3-2: SINGLE (Flyball, 89M)
Jaime Spiridon to third
Jaime Rodríguez to second
Runner from 3rd tries for Home, SAFE, no throw
Batting: RHB Jesús Cruz 0-0: Ball
1-0: Foul Ball, location: 2F
1-1: Called Strike
1-2: Foul Ball, location: 2F
1-2: Fly out, F7 (Line Drive, 78S)
Batting: LHB Weston Chaney 0-0: Ball
1-0: 3-RUN HOME RUN (Flyball, 9LD), Distance : 365 ft
Pitching: RHP Jeff Hansen
Batting: SHB Ángel González 0-0: Ball
1-0: SOLO HOME RUN (Flyball, 78D), Distance : 410 ft
Batting: LHB Chris Moore 0-0: Swinging Strike
0-1: Foul Ball, location: 2F
0-2: Ball
1-2: Strikes out swinging
Batting: RHB Jorge Díaz 0-0: Ball
1-0: Swinging Strike
1-1: Ball
2-1: Ball
3-1: Foul Ball, location: 2F
3-2: SINGLE (Flyball, 8RS)
Batting: RHB Dave Wookey 0-0: Called Strike
0-1: Swinging Strike
0-2: Ball
1-2: Strikes out swinging
Bottom of the 3rd over - 5 runs, 4 hits, 0 errors, 1 left on base; Gresham 3 - San Jose 5
TOP OF THE 4TH
Gresham Gold Souls batting - Pitching for San Jose Missions : RHP Jesús Zapata
Pitching: RHP Jesús Zapata
Batting: RHB Augusto Baiano 0-0: Ball
1-0: Ball
2-0: SINGLE (Groundball, 4MD)
Batting: LHB Joel Nelson 0-0: Foul Ball, location: 2F
0-1: Ball
1-1: Ball
2-1: Ball
3-1: Base on Balls
Augusto Baiano to second
Batting: RHB Nathan Smith 0-0: Called Strike
0-1: Called Strike
0-2: Strikes out swinging
Batting: RHB Norm Francis 0-0: Ball
1-0: Ball
2-0: Ball
3-0: Base on Balls
Augusto Baiano to third
Joel Nelson to second
Batting: RHB Mario Méndez 0-0: Called Strike
0-1: Ball
1-1: Foul Ball, location: 2F
1-2: Ball
2-2: Fly out, F3 (Line Drive, 3)
Batting: RHB Jared Thompson 0-0: Ball
1-0: Fly out, F4 (Line Drive, 4M)
Top of the 4th over - 0 runs, 1 hit, 0 errors, 3 left on base; Gresham 3 - San Jose 5
BOTTOM OF THE 4TH
San Jose Missions batting - Pitching for Gresham Gold Souls : RHP Jeff Hansen
Batting: RHB Jaime Spiridon 0-0: SINGLE (Groundball, 56D)
Batting: RHB Jaime Rodríguez 0-0: Called Strike
0-1: Called Strike
0-2: Foul Ball, location: 2F
0-2: Ball
1-2: Foul Ball, location: 2F
1-2: Ball
2-2: SINGLE (Groundball, 56D)
Jaime Spiridon to second
Batting: RHB Dan Mason 0-0: Ball
1-0: 3-RUN HOME RUN (Line Drive, 89XD), Distance : 425 ft
Pitching: RHP Eusébio Lagarto
Batting: RHB Jesús Cruz 0-0: Ball
1-0: SOLO HOME RUN (Flyball, 7LD), Distance : 348 ft
Batting: LHB Weston Chaney 0-0: Ball
1-0: Ball
2-0: Swinging Strike
2-1: Foul Ball, location: 2F
2-2: Ball
3-2: Base on Balls
Batting: SHB Ángel González 0-0: Called Strike
0-1: Swinging Strike
0-2: Ball
1-2: Foul Ball, location: 2F
1-2: 2-RUN HOME RUN (Flyball, 78XD), Distance : 410 ft
Batting: LHB Chris Moore 0-0: Called Strike
0-1: Foul Ball, location: 2F
0-2: Ball
1-2: Ball
2-2: Ball
3-2: Foul Ball, location: 2F
3-2: Foul Ball, location: 2F
3-2: Base on Balls
Batting: RHB Jorge Díaz 0-0: Ball
1-0: Ball
2-0: Ball
3-0: Base on Balls
Chris Moore to second
Batting: RHB Dave Wookey 0-0: Foul Ball, location: 2F
0-1: Fly out, F4 (Line Drive, 4M)
Batting: RHB Jaime Spiridon 0-0: SINGLE (Groundball, 4MD)
Chris Moore to third
Jorge Díaz to second
Batting: RHB Jaime Rodríguez 0-0: Called Strike
0-1: Ball
1-1: Ball
2-1: Foul Ball, location: 2F
2-2: Strikes out looking
Batting: RHB Dan Mason 0-0: Ball
1-0: Foul Ball, location: 2F
1-1: Hit by Pitch
Chris Moore scores
Jorge Díaz to third
Jaime Spiridon to second
Batting: RHB Jesús Cruz 0-0: Called Strike
0-1: Swinging Strike
0-2: Foul Ball, location: 2F
0-2: Strikes out swinging
Bottom of the 4th over - 7 runs, 6 hits, 0 errors, 3 left on base; Gresham 3 - San Jose 12
TOP OF THE 5TH
Gresham Gold Souls batting - Pitching for San Jose Missions : RHP Jesús Zapata
Batting: RHB Alberto Chávez 0-0: Called Strike
0-1: Ball
1-1: Foul Ball, location: 2F
1-2: Foul Ball, location: 2F
1-2: Foul Ball, location: 2F
1-2: Strikes out looking
Batting: RHB Willie Houk 0-0: Ball
1-0: Called Strike
1-1: Ground out 6-3 (Groundball, 56)
Batting: LHB Ezechiele Bruno 0-0: Foul Ball, location: 2F
0-1: Ball
1-1: Ground out 4-3 (Groundball, 4)
Top of the 5th over - 0 runs, 0 hits, 0 errors, 0 left on base; Gresham 3 - San Jose 12
BOTTOM OF THE 5TH
San Jose Missions batting - Pitching for Gresham Gold Souls : RHP Eusébio Lagarto
Batting: LHB Weston Chaney 0-0: Called Strike
0-1: Ball
1-1: Ball
2-1: Ball
3-1: Foul Ball, location: 2F
3-2: Fly out, F9 (Flyball, 9D)
Batting: SHB Ángel González 0-0: Ball
1-0: Called Strike
1-1: Called Strike
1-2: Ball
2-2: Ball
3-2: Strikes out looking
Batting: LHB Chris Moore 0-0: Called Strike
0-1: Ball
1-1: Ball
2-1: Swinging Strike
2-2: Ball
3-2: Foul Ball, location: 2F
3-2: Foul Ball, location: 2F
3-2: Ground out 4-3 (Groundball, 4)
Bottom of the 5th over - 0 runs, 0 hits, 0 errors, 0 left on base; Gresham 3 - San Jose 12
TOP OF THE 6TH
Gresham Gold Souls batting - Pitching for San Jose Missions : RHP Jesús Zapata
Batting: RHB Augusto Baiano 0-0: Called Strike
0-1: SINGLE (Line Drive, 6M)
Batting: LHB Joel Nelson 0-0: Ball
Augusto Baiano steals 2nd base
1-0: Ground out 6-3 (Groundball, 6)
Augusto Baiano to third
Batting: RHB Nathan Smith 0-0: Called Strike
0-1: Ball
1-1: Foul Ball, location: 2F
1-2: Ball
2-2: Foul Ball, location: 2F
2-2: SINGLE (Groundball, 56D)
Augusto Baiano scores
Batting: RHB Norm Francis 0-0: Called Strike
Throwing error on steal attempt, E2
Nathan Smith to third
0-1: Called Strike
0-2: Foul Ball, location: 2F
0-2: DOUBLE (Line Drive, 5D)
Nathan Smith scores
Batting: RHB Mario Méndez 0-0: Called Strike
0-1: Ball
1-1: Fly out, F7 (Flyball, 7S)
Batting: RHB Jared Thompson 0-0: 2-RUN HOME RUN (Flyball, 7D), Distance : 396 ft
Pitching: LHP Allen Purss
Batting: RHB Alberto Chávez 0-0: Ball
1-0: Ball
2-0: Ball
3-0: Called Strike
3-1: Base on Balls
Batting: RHB Willie Houk 0-0: Ball
1-0: Called Strike
1-1: Called Strike
1-2: Ball
2-2: Foul Ball, location: 2F
2-2: Strikes out looking
Top of the 6th over - 4 runs, 4 hits, 1 error, 1 left on base; Gresham 7 - San Jose 12
BOTTOM OF THE 6TH
San Jose Missions batting - Pitching for Gresham Gold Souls : RHP Eusébio Lagarto
Batting: RHB Jorge Díaz 0-0: Ball
1-0: Foul Ball, location: 2F
1-1: Ball
2-1: Foul Ball, location: 2F
2-2: SINGLE (Groundball, 56D)
Batting: RHB Dave Wookey 0-0: Ball
1-0: Fielders Choice at 2nd, 5-4 (Groundball, 56)
Pitching: RHP Mike Moyer
Batting: RHB Jaime Spiridon 0-0: Ball
1-0: Swinging Strike
1-1: Fielders Choice at 2nd, 5-4 (Groundball, 56)
Batting: RHB Jaime Rodríguez 0-0: Ball
Jaime Spiridon steals 2nd base
1-0: Called Strike
1-1: TRIPLE (Flyball, 78XD)
Jaime Spiridon scores
Batting: RHB Dan Mason 0-0: Ball
1-0: Ground out 6-3 (Groundball, 6M)
Bottom of the 6th over - 1 run, 2 hits, 0 errors, 1 left on base; Gresham 7 - San Jose 13
TOP OF THE 7TH
Gresham Gold Souls batting - Pitching for San Jose Missions : LHP Allen Purss
Batting: LHB Ezechiele Bruno 0-0: Ball
1-0: Swinging Strike
1-1: Swinging Strike
1-2: Strikes out looking
Batting: RHB Augusto Baiano 0-0: Fly out, F9 (Flyball, 89S)
Batting: LHB Joel Nelson 0-0: Ball
1-0: SINGLE (Flyball, 78S)
Batting: RHB Nathan Smith 0-0: Called Strike
0-1: Called Strike
0-2: Ball
Joel Nelson steals 2nd base
1-2: Strikes out swinging
Top of the 7th over - 0 runs, 1 hit, 0 errors, 1 left on base; Gresham 7 - San Jose 13
BOTTOM OF THE 7TH
San Jose Missions batting - Pitching for Gresham Gold Souls : RHP Mike Moyer
Batting: RHB Jesús Cruz 0-0: Foul Ball, location: 2F
0-1: Ball
1-1: Foul Ball, location: 2F
1-2: Ball
2-2: Foul Ball, location: 2F
2-2: Foul Ball, location: 2F
2-2: Ball
3-2: Ground out 5-3 (Groundball, 5S)
Batting: LHB Weston Chaney 0-0: Called Strike
0-1: Ball
1-1: Foul Ball, location: 2F
1-2: Foul Ball, location: 2F
1-2: SINGLE (Line Drive, 8LS)
Batting: SHB Ángel González 0-0: Ball
1-0: Foul Ball, location: 2F
1-1: Ball
2-1: Ball
3-1: Swinging Strike
3-2: Base on Balls
Weston Chaney to second
Batting: LHB Chris Moore 0-0: Ball
1-0: Swinging Strike
1-1: Ball
2-1: Swinging Strike
2-2: Foul Ball, location: 2F
2-2: Ball
3-2: Strikes out swinging
Batting: RHB Jorge Díaz 0-0: Foul Ball, location: 2F
0-1: Ground out 4-3 (Groundball, 4)
Bottom of the 7th over - 0 runs, 1 hit, 0 errors, 2 left on base; Gresham 7 - San Jose 13
TOP OF THE 8TH
Gresham Gold Souls batting - Pitching for San Jose Missions : LHP Allen Purss
Now at 1B: Alberto Gómez
Batting: RHB Norm Francis 0-0: Swinging Strike
0-1: Ball
1-1: Ball
2-1: SOLO HOME RUN (Flyball, 7LD), Distance : 369 ft
Batting: RHB Mario Méndez 0-0: Swinging Strike
0-1: Swinging Strike
0-2: SINGLE (Line Drive, 7S)
Batting: RHB Jared Thompson 0-0: Ball
1-0: Ball
2-0: Ball
3-0: Called Strike
3-1: Ground out 6-3 (Groundball, 6M)
Mario Méndez to second
Batting: RHB Alberto Chávez 0-0: Reached on error, E3 (Groundball, 34S)
Mario Méndez to third
Batting: RHB Willie Houk 0-0: Called Strike
0-1: Ball
1-1: Ball
2-1: Fly out, F8 (Flyball, 8LD)
Runner from 3rd tags up, SCORES, throw made
Pitching: RHP José García
Batting: LHB Ezechiele Bruno 0-0: Foul Ball, location: 2F
0-1: Ball
1-1: Ball
2-1: Ball
3-1: Swinging Strike
3-2: Base on Balls
Alberto Chávez to second
Batting: RHB Augusto Baiano 0-0: Called Strike
0-1: Foul Ball, location: 2F
0-2: Ball
1-2: Foul Ball, location: 2F
1-2: Ground out 5-3 (Groundball, 25)
Top of the 8th over - 2 runs, 2 hits, 1 error, 2 left on base; Gresham 9 - San Jose 13
BOTTOM OF THE 8TH
San Jose Missions batting - Pitching for Gresham Gold Souls : RHP Mike Moyer
Batting: RHB Dave Wookey 0-0: Called Strike
0-1: Ball
1-1: Swinging Strike
1-2: Foul Ball, location: 2F
1-2: Foul Ball, location: 2F
1-2: Ball
2-2: Ball
3-2: Base on Balls
Batting: RHB Jaime Spiridon 0-0: Ball
Dave Wookey is caught stealing 2nd base
1-0: Ball
2-0: Called Strike
2-1: Foul Ball, location: 2F
2-2: Strikes out swinging
Batting: RHB Jaime Rodríguez 0-0: Foul Ball, location: 2F
0-1: Fly out, F7 (Flyball, 7LM)
Bottom of the 8th over - 0 runs, 0 hits, 0 errors, 0 left on base; Gresham 9 - San Jose 13
TOP OF THE 9TH
Gresham Gold Souls batting - Pitching for San Jose Missions : RHP José García
Batting: LHB Joel Nelson 0-0: Ball
1-0: Ball
2-0: Ball
3-0: Foul Ball, location: 2F
3-1: Base on Balls
Batting: RHB Nathan Smith 0-0: Ball
1-0: Grounds into double play, 6-4-3 (Groundball, 6)
Batting: RHB Norm Francis 0-0: Ground out 6-3 (Groundball, 6)
Top of the 9th over - 0 runs, 0 hits, 0 errors, 0 left on base; Gresham 9 - San Jose 13
Saturday, April 7th, 2018 - OOTP Baseball 18.8 Build 76